 Dungeon Crawl Stone Soup version 0.29-a0-320-g9f8742066b (webtiles) character file.

Game seed: 13407179933925408344

6199 horus123 the Carver (level 10, -2/76 HPs)
             Began as a Merfolk Gladiator on Apr 3, 2022.
             Was a Priest of Makhleb.
             Killed by divine providence
             ... invoked by an orc priest
              (12 damage)
             ... on level 9 of the Dungeon.
             The game lasted 00:23:44 (9880 turns).

horus123 the Carver (Merfolk Gladiator)             Turns: 9880, Time: 00:23:45

Health: -2/76      AC: 21    Str: 14    XL:     10   Next: 91%
Magic:  17/17      EV: 12    Int:  8    God:    Makhleb [***...]
Gold:   510        SH:  0    Dex: 26    Spells: 9/9 levels left

rFire   . . .      SeeInvis .   a - +2 long sword
rCold   . . .      Faith    .   (no shield)
rNeg    . . .      Spirit   .   O - +0 chain mail
rPois   .          Reflect  .   c - +2 helmet
rElec   .          Harm     .   K - +0 cloak
rCorr   .          Rampage  .   (no gloves)
Will    .....                   v - +2 pair of boots
Stlth   ..........              (no amulet)
HPRegen 0.22/turn               o - +4 ring of protection
MPRegen 0.15/turn               n - +6 ring of dexterity

@: no status effects
A: (nimble swimmer 2), mertail
a: Renounce Religion, Minor Destruction, Lesser Servant of Makhleb


You were on level 9 of the Dungeon.
You worshipped Makhleb.
Makhleb was most pleased with you.
You visited 2 branches of the dungeon, and saw 10 of its levels.

You collected 510 gold pieces.

Inventory:

Hand Weapons
 a - a +2 long sword (weapon)
 f - a +0 scimitar
Missiles
 d - 4 throwing nets
 e - 5 javelins
 y - 16 poisoned darts
 L - 16 boomerangs of dispersal
Armour
 c - a +2 helmet (worn)
 i - a +0 robe of willpower
 j - a +0 plate armour
 v - a +2 pair of boots (worn)
 H - a +0 ring mail
 K - a +0 cloak (worn)
 O - a +0 chain mail (worn)
Jewellery
 b - a +6 ring of dexterity
 g - a ring of magical power
 h - a ring of protection from fire
 k - a ring of wizardry
 n - a +6 ring of dexterity (right hand)
 o - a +4 ring of protection (left hand)
 A - an amulet of magic regeneration
 P - an amulet of the acrobat
Wands
 F - a wand of polymorph (17)
 I - a wand of mindburst (21)
 J - a wand of paralysis (9)
 N - a wand of flame (21)
 Q - a wand of acid (2)
Scrolls
 p - 3 scrolls of immolation
 r - 3 scrolls of noise
 u - a scroll of fog
 B - 3 scrolls of amnesia
 C - 2 scrolls of blinking
 R - a scroll of magic mapping
Potions
 l - a potion of flight
 q - 2 potions of mutation
 s - 12 potions of degeneration
 t - 2 potions of brilliance
 w - a potion of lignification
 x - a potion of berserk rage
 z - a potion of invisibility
 D - a potion of cancellation
 E - a potion of heal wounds {unknown}
 G - a potion of haste {unknown}


   Skills:
 - Level 6.0 Fighting
 - Level 10.0 Long Blades
 - Level 2.0 Throwing
 + Level 4.9 Armour
 - Level 10.0 Dodging
 - Level 10.0 Invocations


You had 9 spell levels left.
You didn't know any spells.
Your spell library contained the following spells:

 Spells                   Type           Power      Damage    Failure   Level
 Animate Skeleton         Necr           0%         N/A       100%        1
 Pain                     Necr           0%         1d4       100%        1
 Blink                    Tloc           0%         N/A       100%        2
 Lesser Beckoning         Tloc           0%         N/A       100%        3
 Vampiric Draining        Necr           0%         2d6       100%        3
 Manifold Assault         Tloc           0%         N/A       100%        5


Dungeon Overview and Level Annotations

Branches:
Dungeon (9/15)             Temple (1/1) D:5
   Lair: D:8-11         Orc: D:9-12

Altars:
Ashenzari
Fedhas
Hepliaklqana
Kikubaaqudgha
Makhleb
Nemelex Xobeh
Okawaru
Qazlal
Trog
Uskayaw
Vehumet
Wu Jian
Xom
Yredelemnul
The Shining One
Beogh

Shops:
D:3 *   D:4 *   D:8 *   D:9 *

Portals:
Abyss: D:9

Annotations:
D:9 2 transporters, Erolcha; ParaBellum's ghost, novice MiBe


Innate Abilities, Weirdness & Mutations

((You are very nimble when in or above water. (Stealth+, EV+, Speed+++)))
Your lower body shifts to a powerful aquatic tail in water.


Message History

Your ufetubus hits the orc warrior.
Your ufetubus hits the orc warrior but does no damage.
Your ufetubus closely misses the orc warrior.
Your ufetubus barely misses the orc warrior. x2
Your ufetubus completely misses the orc warrior.
Your ufetubus hits the orc warrior but does no damage. x2
Your ufetubus hits the orc warrior. x2
The orc warrior dies!
Makhleb accepts your kill. Something hits your ufetubus!!!
Your ufetubus dies!
Your ufetubus disappears in a puff of smoke!
You swap places.
Your ufetubus hits Erolcha but does no damage. x2
You swap places.
Your ufetubus barely misses Erolcha.
Your ufetubus hits Erolcha.
Erolcha roars.
Erolcha mumbles some strange words.
Erolcha flickers and vanishes!
You swap places.
Something hits your ufetubus!!!
Your ufetubus dies!
Your ufetubus disappears in a puff of smoke!
Something misses your ynoxinul.
Okay, then.
As you read the scroll of identify, it crumbles to dust.
x - a potion of berserk rage
As you read the scroll of identify, it crumbles to dust.
z - a potion of invisibility Something hits your ynoxinul!!
Your ynoxinul dies!
Your ynoxinul disappears in a puff of smoke!
Your ufetubus disappears in a puff of smoke! x6
A demon appears!
You swap places.
Something hits you.
* * * LOW HITPOINT WARNING * * *
Something hits your ynoxinul!! Something closely misses your ynoxinul.
The orc priest mumbles some strange prayers to Beogh against you.
Beogh smites you!
You die...

#........##.#.###
#
#.).##....##.....
#...##....©#©##.
#...###....#...#
#...###...)##.##
#..)o.oo).).# #
#.o{###.........
#..3# #.......?..
#..@#
########....
##### .... ... ..


You could see an orc priest, an orc and a friendly ynoxinul (summoned).

Vanquished Creatures
  Amaemon (D:8)
  An orange demon (D:8)
  Sigmund (D:4)
  A wyvern (D:9)
  3 yaks (D:8)
  Duvessa (D:4)
  2 orc warriors (D:8)
  A sky beast (D:5)
  4 ice beasts
  4 black bears
  6 ogres
  2 centaurs
  2 phantoms
  4 kobold brigands
  9 bullfrogs
  2 necrophages (D:6)
  A water moccasin zombie (D:5)
  2 scorpions
  Dowan (D:4)
  3 killer bees (D:9)
  4 howler monkeys
  2 bullfrog zombies (D:5)
  A centaur zombie (D:5)
  A jelly (D:5)
  A gnoll shaman (D:8)
  7 orc priests
  4 hounds
  3 iguanas
  Natasha (thrice) (D:2)
  3 orc wizards
  A howler monkey zombie (D:5)
  10 gnolls
  6 adders
  A white imp (D:6)
  An adder zombie (D:5)
  3 worms
  45 orcs
  2 endoplasms
  6 giant cockroaches
  9 goblins
  7 hobgoblins
  7 jackals
  20 kobolds
  2 quokkas
  11 ball pythons
  5 bats
  A frilled lizard (D:3)
  4 rats
221 creatures vanquished.

Vanquished Creatures (collateral kills)
  A vampire (D:9)
  An orc warrior (D:9)
2 creatures vanquished.

Vanquished Creatures (others)
  A wizard (D:4)
  An orc (D:3)
  A hobgoblin (D:3)
  5 plants (D:8)
  4 toadstools (D:1)
12 creatures vanquished.

Grand Total: 235 creatures vanquished

Notes
Turn   | Place    | Note
-------+----------+-------------------------------------------
     0 | D:1      | horus123 the Merfolk Gladiator began the quest for the Orb.
     0 | D:1      | Reached XP level 1. HP: 16/16 MP: 1/1
   301 | D:1      | Reached XP level 2. HP: 23/23 MP: 2/2
   844 | D:2      | Noticed Natasha
   848 | D:2      | Noticed a crimson imp
   864 | D:2      | Killed Natasha
   865 | D:2      | Reached XP level 3. HP: 17/31 MP: 3/3
  1136 | D:2      | Noticed Natasha
  1170 | D:2      | Killed Natasha
  1171 | D:2      | Reached XP level 4. HP: 34/38 MP: 4/4
  1235 | D:2      | Found an ancient bone altar of Kikubaaqudgha.
  1436 | D:2      | Noticed Natasha
  1443 | D:2      | Killed Natasha
  1444 | D:2      | Reached skill level 5 in Fighting
  1702 | D:3      | Found a shimmering altar of Xom.
  1779 | D:3      | Found Qikh's Assorted Antiques.
  1825 | D:3      | Reached XP level 5. HP: 44/44 MP: 5/5
  2049 | D:3      | Found a faded altar of an unknown god.
  2156 | D:3      | Noticed an ice beast
  2177 | D:3      | Killed an ice beast
  2178 | D:3      | Reached XP level 6. HP: 38/52 MP: 6/6
  2650 | D:4      | Noticed Dowan
  2650 | D:4      | Noticed Duvessa
  2782 | D:4      | Noticed Sigmund
  2793 | D:4      | Killed Sigmund
  2824 | D:4      | Reached XP level 7. HP: 48/58 MP: 7/7
  3303 | D:4      | Found Wauwn's Assorted Antiques.
  3493 | D:4      | Found a radiant altar of Vehumet.
  3686 | D:4      | Found a bloodstained altar of Trog.
  3690 | D:4      | Noticed a wizard
  3695 | D:4      | Killed a wizard
  3826 | D:4      | Killed Duvessa
  3830 | D:4      | Killed Dowan
  3955 | D:5      | Entered Level 5 of the Dungeon
  3974 | D:5      | Found a basalt altar of Yredelemnul.
  3999 | D:5      | Reached XP level 8. HP: 40/64 MP: 8/8
  4337 | D:5      | Reached skill level 10 in Long Blades
  4435 | D:5      | Found an ornate altar of the Wu Jian Council.
  4479 | D:5      | Found a staircase to the Ecumenical Temple.
  4489 | Temple   | Entered the Ecumenical Temple
  4511 | Temple   | Became a worshipper of Makhleb the Destroyer
  4657 | D:5      | Reached skill level 5 in Dodging
  5019 | D:5      | Reached XP level 9. HP: 39/69 MP: 9/9
  5184 | D:5      | Reached * piety under Makhleb
  5593 | D:5      | Found a hide-covered altar of Uskayaw.
  5711 | D:6      | Reached skill level 10 in Dodging
  5721 | D:5      | Reached skill level 1 in Invocations
  6305 | D:6      | Reached skill level 5 in Invocations
  6438 | D:6      | Found an ancient bone altar of Kikubaaqudgha.
  7191 | D:7      | Reached ** piety under Makhleb
  7363 | D:7      | Reached XP level 10. HP: 76/76 MP: 14/16
  7597 | D:8      | Found a glowing golden altar of the Shining One.
  7627 | D:8      | Found a flagged portal.
  7627 | D:8      | Noticed Amaemon
  7627 | D:8      | Noticed an orange demon
  7798 | D:8      | Found Cynogoz's General Store.
  7881 | D:8      | Killed Amaemon
  7882 | D:8      | Reached skill level 10 in Invocations
  7882 | D:8      | Reached skill level 1 in Armour
  7936 | D:8      | Killed an orange demon
  8388 | D:8      | Reached *** piety under Makhleb
  9074 | D:9      | Found Ynuamm's Assorted Antiques.
  9163 | D:9      | Found a one-way gate to the infinite horrors of the Abyss.
  9163 | D:9      | Noticed ParaBellum's ghost (novice MiBe)
  9278 | D:9      | HP: 1/76 [something (3)]
  9814 | D:9      | Found a transporter.
  9833 | D:9      | Found a transporter.
  9842 | D:9      | Noticed Erolcha
  9880 | D:9      | Killed from afar by an orc priest

Illustrated notes

Levels and vault maps discovered:
D:1:      ldierk_walled_garden_2, layout_basic
D:2:      minmay_general_purpose_star, layout_rooms, basic_altar, uniq_natasha
D:3:      layout_basic, xom_confusion_cloud, nicolae_ecumenical_snake_handling,
          serial_shops, nicolae_shop_statue_plus
D:4:      layout_basic, trog_wizard, mainiacjoe_overflow_brackets, serial_shops,
          shop, uniq_duvessa, uniq_sigmund
D:5:      minmay_chambers_of_threes, layout_cave_pools,
          nicolae_overflow_hidden_temple, nzn_wu_jian_contemplation,
          nicolae_yredelemnul_corpse_copse, lemuel_temple_firewalk_b
D:6:      layout_gridville, lemuel_crystal_altar
D:7:      layout_gridville, minmay_unpleasant_kobolds
D:8:      layout_rooms, tso_oasis_becter, enter_bailey_7, special_room
          [special_room_orc], serial_shops, kennysheep_mini_moat, uniq_amaemon
D:9:      layout_rooms, gammafunk_ghost_abyssal_escape, minmay_shop_grid_forest,
          uniq_erolcha
Temple:   dshaligram_water_room_temple

Skill      XL: |  1  2  3  4  5  6  7  8  9 10 |
---------------+-------------------------------+-----
Fighting       | 4 5 6 |  6.0
Long Blades    | 4 7 9 10 | 10.0
Dodging        | 8 10 | 10.0
Invocations    | 8 10 | 10.0
Armour         | 4 |  4.9
Throwing       | |  2.0

Action                   |  1- 3 |  4- 6 |  7- 9 | 10-12 || total
-------------------------+-------+-------+-------+-------++-------
Melee: Long sword        |    82 |    99 |   373 |   233 ||   787
       Punch             |       |       |     6 |     8 ||    14
Throw: Javelin           |       |       |     6 |       ||     6
Invok: Minor Destruction |       |       |     3 |    19 ||    22
       Lesser Servant of |       |       |       |     3 ||     3
  Use: Scroll            |       |     8 |    12 |     4 ||    24
       Potion            |       |       |     1 |     3 ||     4
 Stab: Sleeping          |     2 |     2 |     3 |     1 ||     8
       Distracted        |       |       |     2 |     1 ||     3
Armor: Leather armour    |    27 |    29 |    76 |       ||   132
       Chain mail        |       |       |    43 |    37 ||    80
       Ring mail         |       |       |    21 |    71 ||    92
Dodge: Dodged            |    60 |    97 |   328 |   258 ||   743

Table legend: (Time is in decaauts)
 A = Elapsed time spent in this place.
 B = Non-inter-level travel time spent in this place.
 C = Inter-level travel time spent in this place.
 D = Time resting spent in this place.
 E = Time spent auto-exploring this place.
 F = Levels seen in this place.
 G = Mean time per level.
                   A        B        C        D        E       F      G
               +--------+--------+--------+--------+--------+-----+--------+
         Total |   9875 |   9558 |    317 |   2502 |   4771 |  10 |  987.5 |
       Dungeon |   9837 |   9536 |    301 |   2502 |   4761 |   9 | 1093.0 |
        Temple |     38 |     22 |     16 |      0 |     10 |   1 |   38.0 |
               +--------+--------+--------+--------+--------+-----+--------+

Top non-repeatable levels by time:
     D:5: 1796 daAuts
     D:4: 1347 daAuts
     D:8: 1225 daAuts
     D:3: 1152 daAuts
     D:7: 1079 daAuts
     D:6: 854 daAuts
     D:9: 825 daAuts
     D:2: 825 daAuts
     D:1: 729 daAuts
  Temple: 38 daAuts
